 Dungeon Crawl Stone Soup version 0.20.0-15-g7f486f2 (webtiles) character file.

247 Ios the Sneak (level 5, 0/24 HPs)
             Began as a Spriggan Enchanter on June 11, 2017.
             Slain by a goblin
             ... wielding a +0 club
              (3 damage)
             ... on level 3 of the Dungeon.
             The game lasted 00:11:19 (5194 turns).

Ios the Sneak (Spriggan Enchanter)                  Turns: 5194, Time: 00:11:20

Health: 0/24       AC:  2    Str:  4    XL:     5   Next: 85%
Magic:  10/13      EV: 18    Int: 17    God:
Gold:   128        SH:  0    Dex: 17    Spells: 4/13 levels left

rFire    . . .     SeeInvis +   o - +2 dagger (venom)
rCold    . . .     Gourm    .   (shield restricted)
rNeg     . . .     Faith    .   n - +0 robe
rPois    .         Spirit   .   (helmet restricted)
rElec    .         Reflect  .   (no cloak)
rCorr    .         Harm     .   (gloves unavailable)
MR       .....                  (boots unavailable)
Stlth    +++.......             (no amulet)
Regen    0.1/turn               (no ring)
MPRegen  0.2/turn               (no ring)

@: very slightly contaminated, very quick
A: unfitting armour, see invisible, herbivore 3, speed 3, slow metabolism 2
a: no special abilities


You were on level 3 of the Dungeon.
You were not hungry.

You visited 1 branch of the dungeon, and saw 3 of its levels.

You collected 128 gold pieces.

Inventory:

Hand Weapons
 a - a +1 dagger
 k - a +2 dagger of venom
 m - a +1 dagger of venom
 o - a +2 dagger of venom (weapon)
Armour
 b - a +0 robe
 n - a +0 robe (worn)
Scrolls
 j - 3 scrolls of teleportation
Potions
 e - 4 potions of curing
 f - 2 potions of magic {unknown}
 g - a potion of might {unknown}
 h - 2 potions of lignification {unknown}
 i - a potion of berserk rage {unknown}
Books
 c - a book of Maledictions

   Spells                             Type                      Level
   a - Corona                         Hexes                        1
   b - Ensorcelled Hibernation        Hexes/Ice                    2
   c - Confuse                        Hexes                        3
   d - Tukima's Dance                 Hexes                        3
   e - Dazzling Spray                 Conjuration/Hexes            3
Comestibles
 d - a bread ration


   Skills:
 - Level 1.1 Short Blades
 - Level 3.0 Dodging
 + Level 6.4 Stealth
 - Level 4.9 Spellcasting
 - Level 5.7 Hexes


You had 4 spell levels left.
You knew the following spells:

 Your Spells              Type           Power        Failure   Level  Hunger
a - Ensorcelled Hibernat  Hex/Ice        ##....       7%          2    #......
b - Corona                Hex            ###....      1%          1    None
c - Confuse               Hex            ###.....     4%          3    ###....
d - Tukima's Dance        Hex            ###.....     4%          3    ###....


Dungeon Overview and Level Annotations

Branches:
Dungeon (3/15)

Altars:


Innate Abilities, Weirdness & Mutations

You are very small and have problems with some larger weapons.
You are too small for most types of armour.
You have supernaturally acute eyesight. (SInv)
You are a herbivore.
You cover ground extremely quickly.
You need consume almost no food.


Message History

You closely miss the goblin. The goblin hits you but does no damage.
You hit the goblin.
The goblin is poisoned.
The goblin is severely wounded.
You kill the goblin!
Casting: Tukima's Dance
Confirm with . or Enter, or press ? or * to list all spells.
Aiming: Tukima's Dance
Press: ? - help, Shift-Dir - straight line, f/p - gnoll
Aim: a gnoll, wielding a spear (chance to defeat MR: 71%)
Okay, then.
The goblin misses you.
You are too injured to fight recklessly!
You are too injured to fight recklessly!
You barely miss the goblin. You barely miss the goblin.
You barely miss the hobgoblin. The goblin hits you with a club.
* * * LOW HITPOINT WARNING * * *
The hobgoblin misses you. The goblin hits you with a club.
You die...

..≈.≈≈≈....≈≈.≈..≈≈≈≈≈≈≈≈≈≈≈≈≈.≈≈
...≈≈≈≈≈≈≈≈≈≈≈≈≈≈≈≈≈≈≈≈≈≈≈≈≈≈≈≈≈≈
...≈≈≈≈≈≈≈≈≈≈≈≈≈≈≈≈≈≈≈≈≈≈≈≈≈≈≈≈≈≈
..≈≈≈≈≈≈≈≈≈≈≈≈≈≈≈≈≈≈≈≈≈≈≈≈≈#####≈
'###########################,,,#≈
..#..)....#.....## ##...(.)#,,,#≈
..#.......'......###...(...#,,,#≈
..#########.......#........##+#*≈
..)#............@.#g........(.#≈≈
...)......)......ggg..........#≈≈
..)#..............#.........))#≈≈
..#########.......#........##)#*≈
..#.....).'......###.......#g..#≈
..#..[..).#.....## ##......#...#≈
#################***########...#≈
≈≈≈≈≈≈≈≈≈≈≈≈≈≈≈≈≈≈≈≈≈≈≈≈≈≈≈#####≈
≈≈≈≈≈≈≈≈≈≈≈≈≈≈≈≈≈≈≈≈≈≈≈≈≈≈≈≈≈≈≈≈≈


You could see 2 hobgoblins and a goblin.

Vanquished Creatures
  An orc priest (D:3)
  6 gnolls
  2 adders (D:2)
  A worm (D:2)
  4 dart slugs (D:1)
  A leopard gecko (D:1)
  6 orcs
  11 giant cockroaches (D:2)
  20 goblins
  10 hobgoblins
  8 jackals
  8 bats
  7 frilled lizards
  7 kobolds
  9 rats
101 creatures vanquished.

Vanquished Creatures (collateral kills)
  2 gnolls (D:3)
2 creatures vanquished.

Grand Total: 103 creatures vanquished

Notes
Turn   | Place    | Note
-------+----------+-------------------------------------------
     0 | D:1      | Ios the Spriggan Enchanter began the quest for the Orb.
     0 | D:1      | Reached XP level 1. HP: 9/9 MP: 5/5
   264 | D:1      | Reached XP level 2. HP: 13/13 MP: 7/7
   268 | D:1      | Learned a level 2 spell: Ensorcelled Hibernation
  1127 | D:1      | Reached XP level 3. HP: 14/16 MP: 9/9
  1132 | D:1      | Learned a level 3 spell: Confuse
  1136 | D:1      | Learned a level 3 spell: Tukima's Dance
  2471 | D:2      | Reached XP level 4. HP: 17/21 MP: 11/11
  2472 | D:2      | Reached skill level 5 in Hexes
  3675 | D:3      | Reached XP level 5. HP: 12/24 MP: 10/13
  4388 | D:3      | Reached skill level 5 in Stealth
  5120 | D:3      | Reached skill level 6 in Stealth
  5194 | D:3      | Slain by a goblin

Skill      XL: |  1  2  3  4  5 |
---------------+----------------+-----
Spellcasting   | 3 4 |  4.9
Hexes          | 4 5 |  5.7
Stealth        | 6 |  6.4
Short Blades   | |  1.1
Dodging        | |  3.0

Action                   |  1- 3 |  4- 6 || total
-------------------------+-------+-------++-------
Melee: Dagger            |   104 |   183 ||   287
 Cast: Corona            |     6 |       ||     6
       Ensorcelled Hiber |     9 |    12 ||    21
       Tukima's Dance    |       |     6 ||     6
  Use: Scroll            |       |     6 ||     6
 Stab: Sleeping          |    18 |     7 ||    25
       Distracted        |     2 |     2 ||     4
  Eat: Fruit             |       |     1 ||     1
       Bread ration      |       |     1 ||     1
Armor: Robe              |    12 |    16 ||    28
Dodge: Dodged            |    76 |   167 ||   243
